 Dungeon Crawl Stone Soup version 0.30.1-4-g462c640d31 (webtiles) character file.

Game seed: 12040499370404910386

3731 radiomath the Fighter (level 9, 0/82 HPs)
             Began as a Minotaur Berserker on Sept 14, 2023.
             Was a High Priest of Trog.
             Slain by a troll (12 damage)
             ... on level 8 of the Dungeon on Sept 17, 2023.
             The game lasted 01:00:41 (11503 turns).

radiomath the Fighter (Minotaur Berserker)         Turns: 11503, Time: 01:00:41

Health: 0/82       AC:  6    Str: 28    XL:     9   Next: 92%
Magic:  8/8        EV: 19    Int:  4    God:    Trog [*****.]
Gold:   1720       SH:  0    Dex: 13    Spells: 8/8 levels left

rFire   . . .        n - +4 morningstar
rCold   . . .        (no shield)
rNeg    . . .        G - +0 leather armour of Kikubaaqudgha's Pride {Str+5}
rPois   .            (helmet restricted)
rElec   .            B - +0 cloak
rCorr   +            l - +0 pair of gloves
SInv    .            (no boots)
Will    .....        (no amulet)
Stlth   ++           d - ring of resist corrosion
HPRegen 0.33/turn    v - +5 ring of evasion
MPRegen 0.11/turn

%: no passive effects
@: no status effects
A: horns 2, retaliatory headbutt
a: Renounce Religion, Berserk, Trog's Hand, Brothers in Arms


You were on level 8 of the Dungeon.
You worshipped Trog.
Trog was extremely pleased with you.
You visited 1 branch of the dungeon, and saw 8 of its levels.

You collected 1720 gold pieces.

Inventory:

Hand Weapons
 a - a +0 hand axe
 i - a +2 short sword of holy wrath
 n - a +4 morningstar (weapon)
 o - a +0 sling
 z - a +0 hammer of holy wrath
 A - a +2 quarterstaff of chaos
 D - a +0 short sword of speed
Missiles
 j - 22 stones
 u - 12 poisoned darts
 y - 9 boomerangs (quivered)
Armour
 b - a +0 animal skin
 g - a +0 scale mail
 l - a +0 pair of gloves (worn)
 s - the +0 leather armour of Relativism {rElec rN+ Int+2}
   (You found it on level 4 of the Dungeon)

   Int:       It affects your intelligence (+2).
   rElec:     It insulates you from electricity.
   rN:        It protects you from negative energy.
 B - a +0 cloak (worn)
 C - a +2 robe of fire resistance
 G - the +0 leather armour of Kikubaaqudgha's Pride (worn) {Str+5}
   (You found it on level 7 of the Dungeon)

   Str:       It affects your strength (+5).
Jewellery
 d - a ring of resist corrosion (left hand)
 e - a ring of flight
 f - an amulet of guardian spirit
 v - a +5 ring of evasion (right hand)
Wands
 q - a wand of charming (14)
Scrolls
 c - 6 scrolls of teleportation
 p - 2 scrolls of fear
 t - 2 scrolls of blinking
Potions
 k - 2 potions of curing
 r - 2 potions of ambrosia
 w - a potion of might
 x - a potion of resistance
 F - a potion of berserk rage


   Skills:
 * Level 8.7 Fighting
 + Level 7.5 Short Blades
 + Level 4.6(5.7) Axes
 + Level 5.0(5.9) Maces & Flails
 * Level 5.2 Ranged Weapons
 + Level 2.2 Throwing
 + Level 6.3 Armour
 + Level 5.5 Dodging
 + Level 2.2 Stealth


You had 8 spell levels left.
You didn't know any spells.
Your spell library was empty.

Dungeon Overview and Level Annotations

Branches:
Dungeon (8/15)             Temple (0/1) D:6
   Lair: D:8-11

Altars:
Makhleb
Ru
Sif Muna
Trog
Xom
The Shining One

Annotations:
D:5 1 runed translucent door
D:7 exclusion: downstairs


Innate Abilities, Weirdness & Mutations

You have a pair of horns on your head.
You reflexively headbutt those who attack you in melee.


Message History

The gnoll drinks a potion.
The gnoll seems to grow stronger.
The gnoll bouda gazes fiercely through you!
You feel your attacks grow feeble. The gnoll bouda closely misses you.
You puncture the gnoll bouda!
You kill the gnoll bouda!
Trog accepts your kill.
Trog will now gift you melee weapons as you gain piety.
The gnoll barely misses you.
You puncture the gnoll!
You kill the gnoll!
Trog accepts your kill.
You thump the troll!
The troll is lightly wounded.
The troll barely misses you. The troll claws you. x2
The troll barely misses you. You furiously retaliate!
You headbutt the troll! The troll closely misses you.
The troll barely misses you.
You closely miss the troll.
The troll is heavily wounded.
The troll bites you. The troll claws you! The troll misses you.
You hit the troll.
The troll is heavily wounded.
The troll closely misses you. You furiously retaliate!
You headbutt the troll! The troll misses you. The troll claws you!
You barely miss the troll.
The troll is severely wounded.
The troll bites you! The troll completely misses you. The troll misses you.
You sock the troll!
The troll is almost dead.
Your attacks no longer feel as feeble.
The troll bites you! The troll claws you. The troll closely misses you.
The troll bites you!
* * * LOW HITPOINT WARNING * * *
The troll claws you.
* * * LOW HITPOINT WARNING * * *
The troll barely misses you.
Okay, then.
Okay, then.
The troll attacks as you move away! The troll bites you!
You die...

......................#..###
..#.........................
#>###..########..).#...### #
#..##...###..#.##..#
#..#.....##..#.###.#
#.....#......#.# #.#
.####....#......#.###.#
........)#.)....#......
#...@T.)#...####.####
#..)###.#.†..c.......
#.......#....g.......
#.......#†....#.....#.#.
...###...#.###.#.....#.#. #.
#...#.....#..g..#.#. #
#......#..g..#....#.
#..###.#$###.#....#. .....
..#....g#....#.


You could see a troll.

Vanquished Creatures
  A yak (D:8)
  Eustachio (D:5)
  A steam dragon (D:8)
  Duvessa (D:5)
  3 water moccasins
  An orc warrior (D:7)
  An ice beast (D:5)
  3 sky beasts
  A black bear (D:7)
  A centaur (D:8)
  A phantom (D:4)
  7 bullfrogs
  Blork the orc (D:5)
  5 scorpions
  5 wights
  Dowan (D:5)
  4 hounds
  2 jellies
  6 orc priests
  Crazy Yiuf (D:5)
  A gnoll bouda (D:8)
  A sleepcap (D:6)
  Ijyb (D:3)
  10 orc wizards
  10 adders
  9 gnolls
  A shadow imp (D:5)
  3 white imps
  5 worms
  2 dart slugs
  30 orcs
  6 endoplasms
  3 giant cockroaches
  11 goblins
  7 hobgoblins
  3 kobolds
  4 quokkas
  4 ball pythons
  12 bats
  5 frilled lizards
  3 goblin skeletons (D:6)
  3 goblin zombies (D:6)
  A hobgoblin zombie (D:6)
  A kobold skeleton (D:6)
  3 kobold zombies (D:6)
  7 rats
193 creatures vanquished.

Vanquished Creatures (others)
  A wizard (D:5)
1 creature vanquished.

Grand Total: 194 creatures vanquished

Notes
Turn   | Place    | Note
-------+----------+-------------------------------------------
     0 | D:1      | radiomath the Minotaur Berserker began the quest for the
                  | Orb.
     0 | D:1      | Reached XP level 1. HP: 19/19 MP: 0/0
   266 | D:1      | Reached XP level 2. HP: 23/27 MP: 1/1
   369 | D:1      | Reached skill level 4 in Fighting
   381 | D:1      | Reached ** piety under Trog
   665 | D:1      | Reached XP level 3. HP: 29/33 MP: 2/2
  1600 | D:3      | Found a glowing drain.
  1616 | D:3      | Reached skill level 1 in Short Blades
  1616 | D:3      | Reached XP level 4. HP: 41/41 MP: 3/3
  1867 | D:3      | Noticed Ijyb
  1988 | D:3      | Killed Ijyb
  2112 | D:3      | Reached XP level 5. HP: 40/47 MP: 4/4
  2340 | D:3      | Reached *** piety under Trog
  2847 | D:4      | Identified the +0 leather armour of Relativism {rElec rN+
                  | Int+2}
  3093 | D:4      | Noticed a phantom
  3126 | D:4      | Killed a phantom
  3127 | D:4      | Reached skill level 5 in Fighting
  3127 | D:4      | Reached XP level 6. HP: 16/56 MP: 5/5
  3420 | D:4      | Found a sacrificial altar of Ru.
  3654 | D:5      | Entered Level 5 of the Dungeon
  4252 | D:5      | Noticed Dowan
  4556 | D:5      | Found a runed translucent door.
  4583 | D:5      | Noticed Eustachio
  4767 | D:5      | Killed Eustachio
  4768 | D:5      | Reached XP level 7. HP: 41/61 MP: 6/6
  4878 | D:5      | Noticed Blork the orc
  5123 | D:5      | Found a runed translucent door.
  5124 | D:5      | Noticed Crazy Yiuf
  5136 | D:5      | Killed Crazy Yiuf
  5137 | D:5      | Reached skill level 1 in Throwing
  5427 | D:5      | Killed Blork the orc
  5428 | D:5      | Reached skill level 5 in Armour
  5468 | D:5      | Found a shimmering blue altar of Sif Muna.
  5819 | D:5      | Noticed Duvessa
  5945 | D:5      | Found a bloodstained altar of Trog.
  5946 | D:5      | Noticed a wizard
  5952 | D:5      | Killed a wizard
  6062 | D:5      | Killed Dowan
  6063 | D:5      | Reached skill level 5 in Short Blades
  6169 | D:5      | Reached skill level 6 in Fighting
  6169 | D:5      | Reached skill level 1 in Ranged Weapons
  6332 | D:5      | Killed Duvessa
  6333 | D:5      | Reached XP level 8. HP: 14/70 MP: 7/7
  7454 | D:6      | Reached **** piety under Trog
  7636 | D:6      | Reached skill level 1 in Stealth
  7686 | D:6      | Found a glowing golden altar of the Shining One.
  8024 | D:6      | Found a staircase to the Ecumenical Temple.
  8277 | D:6      | Identified 2 scrolls of acquirement
  8277 | D:6      | Acquired a +5 ring of evasion
  8677 | D:6      | Found a shimmering altar of Xom.
  8885 | D:7      | Reached skill level 7 in Fighting
  8980 | D:7      | Reached XP level 9. HP: 64/79 MP: 8/8
  9253 | D:7      | Acquired 1315 gold pieces
  9318 | D:7      | Reached skill level 5 in Dodging
  9418 | D:7      | Found a burning altar of Makhleb.
  9495 | D:7      | Identified the +0 leather armour of Kikubaaqudgha's Pride
                  | {Str+5}
  9599 | D:7      | Reached skill level 1 in Maces & Flails
  9944 | D:8      | Noticed a komodo dragon
 10290 | D:8      | Reached skill level 8 in Fighting
 10644 | D:8      | Noticed a troll
 10915 | D:8      | Reached skill level 5 in Ranged Weapons
 11466 | D:8      | Reached skill level 5 in Maces & Flails
 11496 | D:8      | Reached ***** piety under Trog
 11503 | D:8      | Slain by a troll

Illustrated notes

Levels and vault maps discovered:
D:1:      dpeg_arrival_stonehenge_12_columns, layout_basic, minmay_liquid_box,
          minmay_small_reverse_x
D:2:      layout_basic
D:3:      layout_rooms, cheibrodos_sewer_entry_drain,
          minmay_misc_feat_secret_circle, uniq_ijyb
D:4:      layout_basic, kennysheep_mini_moat, grunt_ministairs_2
D:5:      layout_loops_ring, tgw_sif, trog_wizard, ebering_ghost_sewer_d,
          uniq_crazy_yiuf_cottage, uniq_duvessa, uniq_eustachio
D:6:      layout_basic, nicolae_tso_besieged_by_evil, marbit_many_paths,
          minmay_temple_entry_stoned_glass
D:7:      layout_cave_pools, makhleb_heckhound_becter, minivault_27
D:8:      hangedman_cross_stitches, layout_loops_ring,
          due_lair_maze_entry_diamond, enter_bailey_3, bh_walls_and_bars,
          uniq_erica

Skill      XL: |  1  2  3  4  5  6  7  8  9 |
---------------+----------------------------+-----
Axes           | 4 |  4.6
Fighting       | 4 5 6 7 8 |  8.7
Short Blades   | 1 2 3 4 5 7 |  7.5
Armour         | 3 4 5 6 |  6.3
Dodging        | 3 4 5 |  5.5
Throwing       | 1 2 |  2.2
Ranged Weapons | 1 3 5 |  5.2
Stealth        | 1 2 |  2.2
Maces & Flails | 5 |  5.0

Action                     |  1- 3 |  4- 6 |  7- 9 || total
---------------------------+-------+-------+-------++-------
  Melee: Hand axe          |    34 |       |       ||    34
         Headbutt          |    16 |    36 |    89 ||   141
         Punch             |     1 |     1 |     5 ||     7
         Short sword       |    70 |   245 |   314 ||   629
         Morningstar       |       |       |   117 ||   117
  Throw: Stone             |     8 |    10 |    20 ||    38
         Boomerang         |       |       |     2 ||     2
    Use: Scroll            |     3 |     4 |    10 ||    17
         Potion            |       |     1 |     6 ||     7
 Armour: Animal skin       |     2 |       |       ||     2
         Scale mail        |    31 |    44 |       ||    75
         Leather armour    |       |    37 |    79 ||   116
         Robe              |       |       |     2 ||     2
  Dodge: Dodged            |    51 |   118 |   250 ||   419
